 Dungeon Crawl Stone Soup version 0.30.1-4-g462c640d31 (webtiles) character file.

Game seed: 16374616287665168875

161310 gummiwulf the Severer (level 17, -6/144 HPs)
             Began as a Demonspawn Berserker on Sept 17, 2023.
             Was a High Priest of Trog.
             Mangled by a jiangshi (13 damage)
             ... summoned by a curse skull
             ... on level 1 of the Crypt on Sept 18, 2023.
             The game lasted 02:51:33 (24094 turns).

gummiwulf the Severer (Demonspawn Berserker)       Turns: 24094, Time: 02:51:35

Health: -6/144     AC: 46    Str: 25    XL:     17   Next: 19%
Magic:  0/5        EV: 13    Int: 10    God:    Trog [*****.]
Gold:   1689       SH:  9    Dex: 12    Spells: 16/16 levels left

rFire   . . .        k - +5 battleaxe (antimagic)
rCold   . . .        (shield currently unavailable)
rNeg    + . .        y - +3 plate armour {Will+}
rPois   +            (helmet unavailable)
rElec   .            N - +2 cloak {rPois}
rCorr   .            b - +2 pair of gloves
SInv    .            g - +2 pair of boots {Fly}
Will    +....        J - amulet of reflection Stlth
                     E - ring of positive energy
HPRegen 1.24/turn    K - ring of willpower
MPRegen 0.18/turn

%: reflection, guardian spirit
@: weak-willed, sanguine armoured, on berserk cooldown, flying, hasted and
slowed
A: horns 3, icemail 1, magic shield, magic regeneration, sanguine armour 3,
condensation shield, regeneration 1, inability to drink after injury 1,
inability to read after injury 1
a: Renounce Religion, Berserk, Trog's Hand, Brothers in Arms


You were on level 1 of the Crypt.
You worshipped Trog.
Trog was extremely pleased with you.
You visited 3 branches of the dungeon, and saw 18 of its levels.
You also visited: Bailey, Gauntlet and Wizlab.

You collected 2565 gold pieces.
You spent 876 gold pieces at shops.

Inventory:

Hand Weapons
 k - a +5 antimagic battleaxe (weapon)
 t - a +2 antimagic executioner's axe
 G - a +6 battleaxe of flaming
Missiles
 i - 3 boomerangs
 j - a throwing net
 z - 3 javelins
Armour
 b - a +2 pair of gloves (worn)
 g - a +2 pair of boots of flying (worn)
 o - the +1 plate armour of the Valley {Fly rN+ rCorr}
   (You found it on level 4 of the Dungeon)

   rN:        It protects you from negative energy.
   Fly:       It grants you flight.
   rCorr:     It protects you from acid and corrosion.
 y - a +3 plate armour of willpower (worn)
 N - a +2 cloak of poison resistance (worn)
 Q - a +8 chain mail of ponderousness
Jewellery
 a - a ring of poison resistance
 c - a +5 ring of evasion
 l - a ring of protection from cold
 q - an amulet of regeneration
 u - an amulet of guardian spirit
 E - a ring of positive energy (left hand)
 J - an amulet of reflection (around neck)
 K - a ring of willpower (right hand)
 M - a +6 ring of dexterity
Wands
 f - a wand of flame (7)
 n - a wand of polymorph (21)
 r - a wand of paralysis (16)
 B - a wand of light (15)
 H - a wand of digging (5)
 I - a wand of iceblast (20)
 O - a wand of mindburst (19)
Scrolls
 h - 4 scrolls of fear
 m - 2 scrolls of poison
 w - a scroll of magic mapping
 x - 5 scrolls of teleportation
 F - 5 scrolls of fog
 L - 3 scrolls of brand weapon
 R - a scroll of identify
 S - a scroll of enchant weapon
Potions
 p - 10 potions of curing
 s - 3 potions of might
 v - 2 potions of cancellation
 A - 3 potions of flight
 C - a potion of magic {unknown}
 D - a potion of ambrosia
Miscellaneous
 e - a lightning rod (4/4) (quivered)
 P - a phantom mirror


   Skills:
 + Level 16.3 Fighting
 + Level 17.1 Axes
 + Level 14.9 Armour
 + Level 14.9 Dodging


You had 16 spell levels left.
You didn't know any spells.
Your spell library was empty.

Dungeon Overview and Level Annotations

Branches:
Dungeon (14/15)            Temple (0/1) D:7            Lair (0/5) D:8
    Orc (0/2) D:10         Vaults (2/5) D:14          Crypt (2/3) Vaults:2
 Bailey (visited)          WizLab (visited)         Gauntlet (visited)

Altars:
Cheibriados
Fedhas
Gozag
Kikubaaqudgha
Nemelex Xobeh
Ru
Sif Muna
Trog
Xom
Yredelemnul

Shops:
D:4 !   D:7 ?   D:11 :   D:13 ?(*


Innate Abilities, Weirdness & Mutations

You have a pair of large horns on your head.
A meltable icy envelope protects you from harm. (AC +4)
When hurt, damage is shared between your health and your magic reserves.
You regenerate magic rapidly.
When seriously injured, your blood forms very thick armour. (AC +12)
A meltable shield of frost defends you. (SH +4)
Your natural rate of healing is unusually fast.
You occasionally lose the ability to drink potions when taking damage.
You occasionally lose the ability to read scrolls when taking damage.


Message History

You hit the curse skull but do no damage.
You slash the mummy! You slice the ice dragon zombie!!
The death knight invokes the aid of Yredelemnul against you.
You resist with some effort. The jiangshi closely misses you.
The jiangshi claws you but does no damage.
You slash the death knight! You headbutt the death knight.
You kill the death knight!
Trog accepts your kill.
You hit the jiangshi. You hit the ice dragon zombie. You slash the curse skull!
The curse skull's magic leaks into the air.
You slash the mummy!
You destroy the mummy!
The mummy disappears in a puff of smoke!
The jiangshi claws you.
* * * LOW HITPOINT WARNING * * *
The jiangshi draws strength from your injuries!
The jiangshi claws you but does no damage.
You slash the curse skull!
The curse skull's magic leaks into the air.
The curse skull is heavily damaged.
You slash the jiangshi!
You closely miss the phantasmal warrior.
You hit the shadow but do no damage.
The jiangshi claws you but does no damage.
The jiangshi claws you!
* * * LOW HITPOINT WARNING * * *
The jiangshi draws strength from your injuries!
You block the shadow's attack.
The jiangshi claws you but does no damage.
The jiangshi claws you.
* * * LOW HITPOINT WARNING * * *
The jiangshi draws strength from your injuries!
You hit the curse skull but do no damage.
You headbutt the curse skull, but do no damage.
The curse skull is heavily damaged.
You slash the shadow! You slice the ice dragon zombie!!
You barely miss the jiangshi. You hit the phantasmal warrior.
The phantasmal warrior's magic leaks into the air.
The jiangshi claws you!
You die...

...#.....##+##.....##.##.......##
...+.....#...###.###...#.........
...#+##..+.8...###...8...........
.........#.............#.........
.........###....>....###.........
...........###.....###...........
.............##.8.##,............
...........###.Z.ยง.###...........
.........###...V@W...###.........
...#######.....Wz......#.........
...#.......8...###...8.'.........
...#.....#...#######...#.....#'##
...#.....##.##..#..##'##.....#...
...#........#...#......#.....#...
...#........+...#......#.....#...
...#........#...####+###.....#...
)..#'########................####


You could see a jiangshi (summoned), a curse skull (magic disrupted), a
phantasmal warrior (summoned, magic disrupted), a shadow (summoned) and an ice
dragon zombie (summoned).

Vanquished Creatures
  A golden dragon (Vaults:2)
  A doom hound (Crypt:1)
  A quicksilver dragon (WizLab)
  A moon troll (WizLab)
  10 tentacled starspawn (WizLab)
  A sphinx (Vaults:1)
  A revenant (Crypt:1)
  A curse skull (Crypt:1)
  2 cacodemons (WizLab)
  9 very ugly things
  2 war gargoyles
  8 ironbound preservers
  6 stone giants (WizLab)
  2 vampire knights (Crypt:1)
  7 ironbound thunderhulks
  2 spectral hellephants (Crypt:1)
  A minotaur (Gauntlet)
  2 crystal guardians
  4 eidola
  An acid blob zombie (Crypt:1)
  2 deep elf death magi (Crypt:1)
  7 jiangshi (Crypt:1)
  2 yaktaur captains
  A green death (Gauntlet)
  2 great orbs of eyes
  A peacekeeper (Vaults:2)
  2 hydras
  A rakshasa (D:11)
  16 centaur warriors
  8 vault guards (D:14)
  9 two-headed ogres
  A boulder beetle (D:14)
  6 ironbound frosthearts (Vaults:2)
  2 tengu warriors
  2 death scarabs (Gauntlet)
  2 death knights
  2 spectral elves (Crypt:1)
  3 vampire magi (Crypt:1)
  A soul eater (Crypt:1)
  A wretched star (WizLab)
  Lodul (D:13)
  2 skeletal warriors (D:14)
  A storm dragon skeleton (Crypt:1)
  12 deep trolls (Vaults:1)
  5 glowing orange brains (WizLab)
  An orange crystal statue (WizLab)
  4 wizards
  7 ironbound convokers (Vaults:2)
  2 harpies
  A deep elf pyromancer (D:14)
  4 phantasmal warriors
  9 lindwurms
  A necromancer (Crypt:1)
  An orc knight (D:13)
  17 ugly things
  2 manticores
  9 starcursed masses (WizLab)
  7 cyclopes
  A wolf spider (D:11)
  A jorogumo skeleton (Crypt:1)
  14 vault sentinels
  An iron dragon skeleton (Crypt:1)
  2 eyes of devastation (WizLab)
  A gargoyle (D:11)
  A cane toad (shapeshifter) (D:14)
  An orange demon (Gauntlet)
  An unseen horror zombie (D:9)
  3 unseen horrors
  A grey draconian skeleton (Crypt:1)
  A komodo dragon (D:8)
  A yaktaur (Vaults:1)
  An efreet (D:14)
  A white draconian zombie (Crypt:1)
  3 trolls
  3 hornets
  3 meliai (D:13)
  2 dream sheep (D:9)
  21 slime creatures
  2 ettin skeletons (Crypt:1)
  9 shadows
  A spectral elephant (Gauntlet)
  Sigmund (D:4)
  2 vampires
  8 wraiths
  6 flying skulls (Crypt:1)
  2 wyverns
  3 steam dragons
  4 golden eyes (WizLab)
  9 yaks
  A basilisk (D:13)
  5 vampire mosquitoes
  5 neqoxecs (WizLab)
  A spectral cane toad (Gauntlet)
  5 water moccasins
  7 orc warriors
  2 ice beasts
  A black bear (shapeshifter) (D:14)
  A black bear (D:8)
  3 sky beasts
  A spectral torpor snail (Gauntlet)
  5 wolves (Bailey)
  12 ogres
  A boggart (Vaults:2)
  2 centaurs
  4 kobold brigands (D:9)
  10 gnoll sergeants
  4 bullfrogs
  3 scorpions
  14 wights
  11 killer bees
  4 howler monkeys
  A centaur zombie (D:9)
  7 orc priests
  7 gnoll boudas
  2 hounds (Bailey)
  3 jellies
  2 sleepcaps
  4 iguanas
  10 orc wizards
  A killer bee zombie (D:9)
  A naga skeleton (Crypt:1)
  2 howler monkey zombies (D:9)
  23 gnolls
  2 adders
  2 shadow imps
  An ufetubus (D:5)
  3 worms
  2 dart slugs
  50 orcs
  7 ball pythons
  8 bats
  2 endoplasms
  4 giant cockroaches
  8 hobgoblins
  2 quokkas
  2 frilled lizards
  12 goblins
  A jackal zombie (Crypt:2)
  12 kobolds
  2 rats (D:2)
  A spectral weapon (Gauntlet)
  9 starspawn tentacles (WizLab)
625 creatures vanquished.

Vanquished Creatures (others)
  17 starspawn tentacles (WizLab)
17 creatures vanquished.

Grand Total: 642 creatures vanquished

Notes
Turn   | Place    | Note
-------+----------+-------------------------------------------
     0 | D:1      | gummiwulf the Demonspawn Berserker began the quest for the
                  | Orb.
     0 | D:1      | Reached XP level 1. HP: 18/18 MP: 1/1
   253 | D:1      | Gained mutation: When seriously injured, your blood forms
                  | armour. (AC +12) [demonic ancestry]
   253 | D:1      | Reached XP level 2. HP: 24/24 MP: 2/2
   791 | D:1      | Reached skill level 3 in Axes
  1109 | D:2      | Gained mutation: You regenerate magic rapidly. [demonic
                  | ancestry]
  1109 | D:2      | Reached XP level 3. HP: 28/29 MP: 3/3
  1900 | D:2      | Identified a scroll of acquirement
  1900 | D:2      | Acquired a manual of Axes
  1978 | D:3      | Reached ** piety under Trog
  2032 | D:3      | Reached XP level 4. HP: 34/35 MP: 4/4
  2119 | D:3      | Found the +7 sceptre of Torment {pain, torment}
  2572 | D:3      | Found a faded altar of an unknown god.
  2573 | D:3      | Identified the staff of air "Onaceamna" {rElec rC+ Stlth+}
  2788 | D:4      | Reached XP level 5. HP: 38/42 MP: 5/5
  2890 | D:4      | Reached skill level 4 in Axes
  2958 | D:4      | Noticed Sigmund
  2967 | D:4      | Killed Sigmund
  2968 | D:4      | Gained mutation: You have a pair of small horns on your
                  | head. [demonic ancestry]
  2968 | D:4      | Reached XP level 6. HP: 49/49 MP: 6/6
  3014 | D:4      | Found a transporter.
  3014 | D:4      | Found Ylas's Distillery.
  3058 | D:4      | Identified the +1 plate armour of the Valley {Fly rN+
                  | rCorr}
  3166 | D:4      | Found a transporter.
  3174 | D:4      | Bought a potion of heal wounds for 55 gold pieces
  3174 | D:4      | Bought a potion of curing for 33 gold pieces
  3714 | D:5      | Entered Level 5 of the Dungeon
  3882 | D:5      | Reached skill level 5 in Axes
  3931 | D:5      | Reached XP level 7. HP: 27/55 MP: 7/7
  4351 | D:5      | Reached skill level 5 in Fighting
  4465 | D:5      | Reached *** piety under Trog
  4731 | D:5      | Reached skill level 6 in Axes
  5020 | D:4      | Bought a potion of resistance for 110 gold pieces
  5320 | D:6      | Reached XP level 8. HP: 63/63 MP: 8/8
  5574 | D:6      | Found a bloodstained altar of Trog.
  5639 | D:6      | Identified the +3 trident of the Haunted God {freeze, rN+
                  | Stlth+}
  5998 | D:6      | Reached skill level 7 in Axes
  5998 | D:6      | Reached skill level 5 in Armour
  5998 | D:6      | Reached skill level 5 in Dodging
  6160 | D:7      | Found a blossoming altar of Fedhas.
  6202 | D:7      | Found a sparkling altar of Nemelex Xobeh.
  6373 | D:7      | Gained mutation: When seriously injured, your blood forms
                  | thick armour. (AC +12) [demonic ancestry]
  6373 | D:7      | Reached XP level 9. HP: 71/71 MP: 9/9
  6454 | D:7      | Found Etuettiv's Magic Scroll Emporium.
  6465 | D:7      | Bought a scroll of enchant armour for 105 gold pieces
  6465 | D:7      | Bought a scroll of teleportation for 42 gold pieces
  6493 | D:7      | Reached skill level 8 in Axes
  6500 | D:7      | Found a staircase to the Ecumenical Temple.
  7212 | D:8      | Noticed a komodo dragon
  7217 | D:8      | Found a staircase to the Lair.
  7220 | D:8      | Killed a komodo dragon
  7229 | D:8      | Reached skill level 9 in Axes
  7408 | D:8      | Found a shimmering altar of Xom.
  7410 | D:8      | Found a shimmering blue altar of Sif Muna.
  7564 | D:8      | Reached **** piety under Trog
  7613 | D:8      | Found a basalt altar of Yredelemnul.
  7628 | D:8      | Noticed a two-headed ogre
  7635 | D:8      | Killed a two-headed ogre
  7636 | D:8      | Gained mutation: A meltable shield of frost defends you.
                  | (SH +4) [demonic ancestry]
  7636 | D:8      | Reached XP level 10. HP: 80/80 MP: 10/10
  7769 | D:8      | Found a sacrificial altar of Ru.
  7770 | D:8      | Found a snail-covered altar of Cheibriados.
  7895 | D:8      | Reached skill level 10 in Axes
  8423 | D:9      | Noticed a three-headed hydra
  8431 | D:9      | Killed a nine-headed hydra
  8436 | D:9      | Reached skill level 11 in Axes
  8788 | D:9      | Gained mutation: You have a pair of horns on your head.
                  | [demonic ancestry]
  8788 | D:9      | Reached XP level 11. HP: 79/89 MP: 11/11
  8838 | D:9      | Found an opulent altar of Gozag.
  9044 | D:10     | Entered Level 10 of the Dungeon
  9079 | D:10     | Found a flagged portal.
  9092 | Bailey   | Entered a bailey
  9153 | Bailey   | Reached ***** piety under Trog
  9423 | Bailey   | Received a gift from Trog
  9621 | D:10     | Noticed a two-headed ogre
  9630 | D:10     | Killed a two-headed ogre
  9778 | D:10     | Noticed a two-headed ogre
  9785 | D:10     | Killed a two-headed ogre
  9786 | D:10     | Reached skill level 12 in Axes
  9874 | D:10     | Found a staircase to the Orcish Mines.
 10365 | D:11     | Reached skill level 10 in Fighting
 10472 | D:11     | Found Paha's Book Emporium.
 10863 | D:11     | Found a large runed translucent door.
 10863 | D:11     | Found a large runed translucent door.
 10866 | D:11     | Noticed a tengu warrior
 10866 | D:11     | Noticed a rakshasa
 10874 | D:11     | Found a large runed translucent door.
 10874 | D:11     | Found a large runed translucent door.
 10884 | D:11     | Killed a tengu warrior
 10886 | D:11     | Killed a rakshasa
 10887 | D:11     | Reached XP level 12. HP: 98/98 MP: 4/12
 10957 | D:11     | Noticed a two-headed ogre
 10958 | D:11     | Noticed a centaur warrior
 10963 | D:11     | Noticed a centaur warrior
 10964 | D:11     | Killed a two-headed ogre
 10968 | D:11     | Killed a centaur warrior
 10971 | D:11     | Killed a centaur warrior
 10980 | D:11     | Found the +1 robe of Vines {NoPotionHeal Regen++++}
 11195 | D:11     | Noticed a two-headed ogre
 11203 | D:11     | Killed a two-headed ogre
 11204 | D:11     | Reached skill level 13 in Axes
 11504 | D:11     | Noticed a centaur warrior
 11515 | D:11     | Killed a centaur warrior
 11920 | D:12     | Reached skill level 10 in Armour
 11920 | D:12     | Reached skill level 10 in Dodging
 12703 | D:13     | Found Xanotam's Demolitions Depot.
 12715 | D:13     | Found Dalesi's Weapon Boutique.
 12715 | D:13     | Noticed Lodul
 12729 | D:13     | Killed Lodul
 12840 | D:13     | Noticed a centaur warrior
 12847 | D:13     | Killed a centaur warrior
 12944 | D:13     | Noticed a two-headed ogre
 12950 | D:13     | Killed a two-headed ogre
 13019 | D:13     | Noticed a centaur warrior
 13022 | D:13     | Gained mutation: When hurt, damage is shared between your
                  | health and your magic reserves. [demonic ancestry]
 13022 | D:13     | Reached XP level 13. HP: 106/106 MP: 13/13
 13112 | D:13     | Found a gate leading to a gauntlet.
 13152 | Gauntlet | Entered a Gauntlet
 13152 | Gauntlet | Found a transporter.
 13152 | Gauntlet | Found a transporter.
 13172 | Gauntlet | Found a transporter.
 13173 | Gauntlet | Found a transporter.
 13185 | Gauntlet | Found a transporter.
 13189 | Gauntlet | Found a transporter.
 13195 | Gauntlet | Noticed a green death
 13202 | Gauntlet | Found a transporter.
 13223 | Gauntlet | Found a transporter.
 13236 | Gauntlet | Found a transporter.
 13240 | Gauntlet | Found a transporter.
 13255 | Gauntlet | Found a transporter.
 13259 | Gauntlet | Found a transporter.
 13360 | Gauntlet | Killed a green death
 13491 | Gauntlet | Noticed a minotaur
 13498 | Gauntlet | Killed a minotaur
 13685 | Gauntlet | Identified the +5 ring mail "Ygivewi" {Rampage rF- Will+
                  | Slay+2}
 13779 | D:13     | Found Oxai's Magic Scroll Shoppe.
 13806 | D:13     | Bought a scroll of enchant weapon for 135 gold pieces
 13806 | D:13     | Bought a scroll of enchant weapon for 135 gold pieces
 13949 | D:13     | Reached skill level 14 in Axes
 14655 | D:13     | Bought a wand of mindburst (11) for 261 gold pieces
 15617 | D:14     | Found a gate to the Vaults.
 15631 | D:14     | Reached XP level 14. HP: 109/116 MP: 9/14
 15890 | Vaults:1 | Entered Level 1 of the Vaults
 15898 | Vaults:1 | Noticed an ironbound preserver
 15908 | Vaults:1 | Killed an ironbound preserver
 16193 | Vaults:1 | Noticed an ironbound preserver
 16207 | Vaults:1 | Killed an ironbound preserver
 16393 | Vaults:1 | Found a magical portal.
 16398 | WizLab   | Entered Lehudib's Moon Base
 16410 | WizLab   | Noticed a stone giant
 16411 | WizLab   | Noticed a tentacled starspawn
 16417 | WizLab   | Killed a stone giant
 16420 | WizLab   | Killed a tentacled starspawn
 16492 | WizLab   | Noticed a cacodemon
 16495 | WizLab   | Gained mutation: You occasionally lose the ability to drink
                  | potions when taking damage. [a neqoxec]
 16511 | WizLab   | Reached skill level 15 in Axes
 16703 | WizLab   | Noticed a stone giant
 16706 | WizLab   | Noticed a tentacled starspawn
 16711 | WizLab   | Killed a stone giant
 16717 | WizLab   | Killed a tentacled starspawn
 16848 | WizLab   | Noticed a brown very ugly thing
 16850 | WizLab   | Noticed a brown very ugly thing
 16850 | WizLab   | Noticed a brown very ugly thing
 16851 | WizLab   | Noticed a brown very ugly thing
 16852 | WizLab   | Noticed a brown very ugly thing
 16855 | WizLab   | Killed a green very ugly thing
 16857 | WizLab   | Noticed a tentacled starspawn
 16859 | WizLab   | Killed a brown very ugly thing
 16863 | WizLab   | Killed a white very ugly thing
 16865 | WizLab   | Killed a brown very ugly thing
 16866 | WizLab   | Killed a brown very ugly thing
 16871 | WizLab   | Killed a tentacled starspawn
 17094 | WizLab   | Noticed a tentacled starspawn
 17101 | WizLab   | Killed a tentacled starspawn
 17151 | WizLab   | Noticed a tentacled starspawn
 17160 | WizLab   | Killed a tentacled starspawn
 17160 | WizLab   | Noticed a tentacled starspawn
 17161 | WizLab   | Gained mutation: A meltable icy envelope protects you from
                  | harm. (AC +4) [demonic ancestry]
 17161 | WizLab   | Reached XP level 15. HP: 122/125 MP: 15/15
 17164 | WizLab   | Killed a tentacled starspawn
 17171 | WizLab   | Received a gift from Trog
 18013 | WizLab   | Noticed a tentacled starspawn
 18021 | WizLab   | Killed a tentacled starspawn
 18082 | WizLab   | Found a transporter.
 18206 | WizLab   | Gained mutation: Your natural rate of healing is unusually
                  | fast. [a neqoxec]
 18229 | WizLab   | Noticed a tentacled starspawn
 18235 | WizLab   | Killed a tentacled starspawn
 18397 | WizLab   | Found a transporter.
 18406 | WizLab   | Gained mutation: You occasionally lose the ability to read
                  | scrolls when taking damage. [a neqoxec]
 18499 | WizLab   | Noticed a tentacled starspawn
 18649 | WizLab   | Killed a tentacled starspawn
 18704 | WizLab   | Noticed a moon troll
 18716 | WizLab   | Killed a moon troll
 18768 | WizLab   | Identified the ring of Wawutukk {Int+3 Dex+6}
 18914 | WizLab   | Noticed a quicksilver dragon
 18916 | WizLab   | Noticed a tentacled starspawn
 18927 | WizLab   | Killed a quicksilver dragon
 18933 | WizLab   | Killed a tentacled starspawn
 19238 | Vaults:1 | Noticed a sphinx
 19246 | Vaults:1 | Killed a sphinx
 19409 | Vaults:1 | Reached skill level 16 in Axes
 19910 | Vaults:1 | Reached skill level 15 in Fighting
 19930 | Vaults:1 | Gained mutation: You have a pair of large horns on your
                  | head. [demonic ancestry]
 19930 | Vaults:1 | Reached XP level 16. HP: 136/136 MP: 14/16
 20435 | Vaults:1 | Identified the +3 ring mail "Ewefe" {*Slow rElec rPois
                  | Slay+6}
 21869 | Vaults:2 | Noticed a golden dragon
 21876 | Vaults:2 | Killed a golden dragon
 22055 | Vaults:2 | Found a staircase to the Crypt.
 22055 | Vaults:2 | Found a basalt altar of Yredelemnul.
 22149 | Vaults:2 | Found an ancient bone altar of Kikubaaqudgha.
 22161 | Crypt:1  | Entered Level 1 of the Crypt
 22729 | Crypt:1  | Identified the +1 robe of the Camelopard {Rampage Fly
                  | Slay-3}
 22731 | Crypt:1  | Noticed a doom hound
 22747 | Crypt:1  | Killed a doom hound
 22934 | Crypt:1  | Received a gift from Trog
 23150 | Crypt:1  | Gained mutation: When seriously injured, your blood forms
                  | very thick armour. (AC +12) [demonic ancestry]
 23150 | Crypt:1  | Reached XP level 17. HP: 126/144 MP: 3/17
 23390 | Crypt:1  | Reached skill level 17 in Axes
 23873 | Crypt:1  | Identified the +3 ring mail of Love and Death {Fly rC-
                  | Str-2 SInv}
 24075 | Crypt:2  | Received a gift from Trog
 24093 | Crypt:1  | HP: 6/144 [jiangshi[a curse skull] (3)]
 24094 | Crypt:1  | Mangled by a jiangshi

Illustrated notes

Levels and vault maps discovered:
D:1:      dpeg_arrival_rooms_c, layout_loops_ring
D:2:      layout_basic
D:3:      layout_basic, shapermc_ecumenical_altar_flowoftime,
          kennysheep_generic_room_9
D:4:      cheibrodos_old_hovel, layout_basic, serial_shops,
          nicolae_shop_drivethru, uniq_sigmund
D:5:      layout_gridville
D:6:      layout_cave_pods, mainiacjoe_overflow_six_doors_small,
          grunt_tough_drop
D:7:      layout_rooms, old_standard_altar, mainiacjoe_overflow_boulevard,
          minmay_temple_entry_slanted, serial_aquarium, aquarium_bridge_square
          [aquarium_subvault_wall, aquarium_subvault_window,
          aquarium_subvault_bridge, aquarium_subvault_window],
          aquarium_window_fake, aquarium_window_1, aquarium_window_1,
          aquarium_view_2d, aquarium_view_4, aquarium_balcony_3a, serial_shops,
          nicolae_shop_tiny_statue_garden
D:8:      layout_basic, yredelemnul_altar_generic, jmf_multi_god_temple,
          gammafunk_temple_overflow_pools, due_lair_maze_entry_diamond
D:9:      layout_roguey, mainiacjoe_overflow_alcove_2, serial_undead,
          serial_undead_c, serial_undead_f, serial_undead_f, serial_undead_e,
          hangedman_ranch
D:10:     layout_loops_ring, minmay_orc_entry_temple_small, enter_bailey_4
D:11:     layout_cave_pools, serial_shops, shop, minmay_hollow_rounded_squares
D:12:     layout_layer_cave
D:13:     layout_stronghold, serial_shops, shop, nicolae_stop_n_shop_2,
          gauntlet_entry_generic, nicolae_blasting_shop, uniq_lodul
D:14:     layout_stronghold, erik_vaults_2, amethyst_killhole,
          chequers_serial_rivers_small_b, nicolae_concentric_dashed_squares_wild
Vaults:1: mu_enter_wizlab_1, nicolae_vaults_storage_closets_1,
          hangedman_vaults_river_flow, v_rooms_6, vaults_room_fours,
          nicolae_vaults_little_squares_1, hangedman_vaults_slice,
          nicolae_vaults_tetromino_T_1, v_misc_19,
          nicolae_vaults_storage_room_statues, layout_vaults_omnigrid
Vaults:2: v_misc_13, nicolae_vaults_frosty_reception, hangedman_vaults_maws,
          minmay_crypt_entry_necro_gods, v_pattern_2,
          nicolae_vaults_network_square, v_alt_pattern_3,
          vaults_room_large_hall, nicolae_vaults_wine_cellar,
          nicolae_vaults_alarming, st_smaller_cells, layout_vaults_big_cross
Crypt:1:  layout_regular_city, grunt_ministairs_13, beargit_elvish_explorers
Crypt:2:  layout_rooms, skrybe_necro_troll_2

Skill      XL: |  1  2  3  4  5  6  7  8  9 10 11 12 13 14 15 16 17 |
---------------+----------------------------------------------------+-----
Armour         | 2 3 4 5 7 8 9 10 11 12 13 14 | 14.9
Dodging        | 2 3 4 5 7 8 9 10 11 12 13 14 | 14.9
Axes           | 3 4 5 6 7 9 11 12 13 14 15 16 17 | 17.1
Fighting       | 4 5 6 8 9 10 11 12 13 15 16 | 16.3

Action                     |  1- 3 |  4- 6 |  7- 9 | 10-12 | 13-15 | 16-18 || total
---------------------------+-------+-------+-------+-------+-------+-------++-------
  Melee: Hand axe          |   139 |   106 |   233 |   154 |       |       ||   632
         Headbutt          |       |     7 |    48 |    93 |   170 |   133 ||   451
         Punch             |       |     1 |     1 |     3 |       |       ||     5
         Battleaxe         |       |       |       |   331 |   568 |   448 ||  1347
  Throw: Boomerang         |     3 |     7 |    41 |    27 |       |       ||    78
 Invoke: Berserk           |     2 |     3 |     5 |    13 |    26 |    14 ||    63
         Trog's Hand       |       |       |       |       |     1 |     1 ||     2
  Evoke: Wand              |       |       |       |    12 |     2 |       ||    14
         Lightning rod     |       |       |       |     4 |    12 |     2 ||    18
    Use: Scroll            |     7 |     5 |     5 |    10 |     8 |     6 ||    41
         Potion            |       |     1 |       |     3 |     7 |     1 ||    12
 Armour: Animal skin       |    10 |       |       |       |       |       ||    10
         Chain mail        |    31 |    30 |       |       |       |       ||    61
         Plate armour      |       |    17 |   106 |   310 |   327 |   281 ||  1041
  Dodge: Dodged            |   108 |    58 |    99 |   377 |   318 |   189 ||  1149
  Block: Other             |       |       |       |   181 |   215 |   166 ||   562
         Reflection        |       |       |       |     5 |     9 |       ||    14
